 Dungeon Crawl Stone Soup version 0.28.0-53-g5a82cb258f (webtiles) character file.

Game seed: 11381642350828012413

975 mcbry74 the Spear-Bearer (level 8, -4/56 HPs)
             Began as a Merfolk Gladiator on July 18, 2022.
             Was a Follower of Okawaru.
             Slain by Maggie
             ... wielding a +1 war axe of distortion
              (15 damage)
             ... on level 6 of the Dungeon.
             The game lasted 00:16:44 (4705 turns).

mcbry74 the Spear-Bearer (Merfolk Gladiator)        Turns: 4705, Time: 00:16:45

Health: -4/56      AC:  9    Str: 14    XL:     8   Next: 16%
Magic:  7/8        EV: 13    Int:  9    God:    Okawaru [*.....]
Gold:   186        SH:  0    Dex: 16    Spells: 7/7 levels left

rFire   . . .      SeeInvis .   a - +0 trident
rCold   + . .      Faith    .   (no shield)
rNeg    . . .      Spirit   .   m - +2 robe of Infinity {Regen+}
rPois   .          Reflect  .   c - +0 helmet
rElec   .          Harm     .   (no cloak)
rCorr   .          Rampage  .   (no gloves)
Will    .....                   (no boots)
Stlth   +++.......              (no amulet)
HPRegen 0.98/turn               i - ring of protection from cold
MPRegen 0.11/turn               p - +4 ring of protection

@: mesmerised
A: (nimble swimmer 2), mertail
a: Renounce Religion, Heroism


You were on level 6 of the Dungeon.
You worshipped Okawaru.
Okawaru was aware of your devotion.
You visited 1 branch of the dungeon, and saw 6 of its levels.

You collected 186 gold pieces.

Inventory:

Hand Weapons
 a - a +0 trident (weapon)
Missiles
 h - 108 stones (quivered)
Armour
 c - a +0 helmet (worn)
 m - the +2 robe of Infinity (worn) {Regen+}
   (You found it on level 4 of the Dungeon)

   Regen:     It increases your rate of health regeneration.
Jewellery
 i - a ring of protection from cold (left hand)
 k - a ring of wizardry
 p - a +4 ring of protection (right hand)
Scrolls
 d - a scroll of fog {unknown}
 e - a scroll of amnesia {unknown}
 f - 2 scrolls of identify {unknown}
 j - a scroll of holy word {unknown}
 n - a scroll of teleportation {unknown}
 o - a scroll of summoning {unknown}
Potions
 b - a potion of magic {unknown}
 g - a potion of curing {unknown}
 l - a potion of flight {unknown}
 q - 2 potions of ambrosia {unknown}


   Skills:
 - Level 2.1 Fighting
 * Level 10.4 Polearms
 + Level 5.0 Throwing
 - Level 4.0 Dodging
 - Level 5.0 Stealth


You had 7 spell levels left.
You didn't know any spells.
Your spell library contained the following spells:

 Spells                   Type           Power      Damage    Failure   Level
 Magic Dart               Conj           0%         1d3       38%         1
 Searing Ray              Conj           0%         2d4       52%         2
 Dazzling Flash           Conj/Hex       0%         N/A       77%         3
 Portal Projectile        Hex/Tloc       0%         N/A       77%         3
 Fulminant Prism          Conj/Hex       0%         3d6       99%         4
 Iskenderun's Mystic Bla  Conj/Tloc      0%         2d3       99%         4
 Leda's Liquefaction      Hex/Erth       0%         N/A       99%         4
 Starburst                Conj/Fire      0%         6d3       100%        6
 Call Canine Familiar     Summ           Unusable   N/A       N/A         3

Dungeon Overview and Level Annotations

Branches:
Dungeon (6/15)             Temple (0/1) D:5

Altars:
Okawaru
Qazlal
Ru

Annotations:
D:6 Maggie


Innate Abilities, Weirdness & Mutations

((You are very nimble when in or above water. (Stealth+, EV+, Speed+++)))
Your lower body shifts to a powerful aquatic tail in water.


Message History

Maggie is moderately wounded.
Maggie barely misses you.
You hit Maggie but do no damage.
Maggie is moderately wounded.
You hit Maggie.
Maggie is moderately wounded.
Maggie closely misses you.
You barely miss Maggie.
Maggie is moderately wounded.
You puncture Maggie!
Maggie is heavily wounded.
Maggie barely misses you.
You hit Maggie.
Maggie is heavily wounded.
Maggie zaps a wand.
You resist with some effort.
You hit Maggie. Your punch misses Maggie.
Maggie is heavily wounded.
You hit Maggie but do no damage.
Maggie is heavily wounded.
Maggie gestures wildly while chanting.
Maggie attempts to bespell you!
You are mesmerised by Maggie!
You hit Maggie.
Maggie is severely wounded.
You barely miss Maggie.
Maggie is severely wounded.
Maggie closely misses you.
You hit Maggie but do no damage.
Maggie is severely wounded.
You feel like a meek peon again.
Maggie hits you with a +1 war axe of distortion!
* * * LOW HITPOINT WARNING * * *
Space warps around you.
* * * LOW HITPOINT WARNING * * *
You closely miss Maggie.
Maggie is severely wounded.
You closely miss Maggie.
Maggie is severely wounded.
Maggie hits you with a +1 war axe of distortion!
You die...

#..#. # #. #.#
#.... . #. #.#
#..#.####. #. #.#
#..#....#. #. #.#
#..##..... #. #.#
#......#.. #h
#.######.##.....
#@##.#......###.#..
#.@.............#).
####.#.##########)#
........#.#
..........
#########.#
########.# #.# #^#
#.. #.. #.# ### #.#
#.#


You could see Maggie (mesmerising) and a black bear.

Vanquished Creatures
  An ogre (D:5)
  A black bear (D:5)
  A phantom (D:5)
  A bullfrog (D:4)
  A water moccasin zombie (D:5)
  A water moccasin skeleton (D:5)
  A bullfrog zombie (D:5)
  2 jellies
  A centaur zombie (D:5)
  3 hounds
  An orc priest (D:4)
  A centaur skeleton (D:5)
  3 orc wizards
  A hound skeleton (D:5)
  3 gnolls (D:5)
  5 adders (D:2)
  2 ufetubi
  3 worms
  6 dart slugs
  7 orcs
  8 ball pythons
  4 endoplasms
  4 giant cockroaches
  8 hobgoblins
  5 jackals
  4 kobolds
  5 quokkas
  6 bats
  2 frilled lizards (D:3)
  7 goblins
  5 rats
103 creatures vanquished.

Notes
Turn   | Place    | Note
-------+----------+-------------------------------------------
     0 | D:1      | mcbry74 the Merfolk Gladiator began the quest for the Orb.
     0 | D:1      | Reached XP level 1. HP: 16/16 MP: 1/1
    31 | D:1      | Found a faded altar of an unknown god.
   184 | D:1      | Reached XP level 2. HP: 22/22 MP: 2/2
   244 | D:1      | Reached skill level 5 in Polearms
   244 | D:1      | Reached skill level 1 in Stealth
   466 | D:1      | Reached XP level 3. HP: 27/27 MP: 3/3
   897 | D:2      | Reached XP level 4. HP: 33/33 MP: 4/4
   901 | D:2      | Reached skill level 6 in Polearms
  1402 | D:3      | Found a sacrificial altar of Ru.
  1754 | D:3      | Reached XP level 5. HP: 31/38 MP: 5/5
  2021 | D:3      | Found an iron altar of Okawaru.
  2029 | D:3      | Became a worshipper of Warmaster Okawaru
  2583 | D:4      | Reached skill level 7 in Polearms
  2599 | D:4      | Reached XP level 6. HP: 17/44 MP: 6/6
  2821 | D:4      | Found a stormy altar of Qazlal.
  3014 | D:4      | Identified the +2 robe of Infinity {Regen+}
  3254 | D:4      | Reached skill level 8 in Polearms
  3522 | D:5      | Entered Level 5 of the Dungeon
  3531 | D:5      | Noticed a black bear
  3559 | D:5      | Reached * piety under Okawaru
  3560 | D:5      | Reached XP level 7. HP: 45/50 MP: 7/7
  3574 | D:5      | Found a staircase to the Ecumenical Temple.
  3801 | D:5      | Reached skill level 9 in Polearms
  4233 | D:5      | Reached skill level 5 in Stealth
  4233 | D:5      | Reached XP level 8. HP: 53/56 MP: 8/8
  4238 | D:5      | Reached skill level 10 in Polearms
  4566 | D:6      | Reached skill level 5 in Throwing
  4687 | D:6      | Noticed Maggie
  4705 | D:6      | Slain by Maggie

Illustrated notes

Levels and vault maps discovered:
D:1:      wheals_arrival_linesprint, layout_rooms, basic_ecumenical_altar,
          chequers_garden
D:2:      layout_basic
D:3:      cheibrodos_helix_gallery, layout_basic,
          mainiacjoe_overflow_surrounded_room,
          mainiacjoe_overflow_six_doors_small
D:4:      layout_loops_ring, nicolae_qazlal_eye_of_the_storm
D:5:      layout_loops_ring, minmay_temple_entry_water_ring
D:6:      layout_basic, zin_purify, mainiacjoe_overflow_big_doors, uniq_pikel,
          uniq_edmund, uniq_duvessa, uniq_maggie

Skill      XL: |  1  2  3  4  5  6  7  8 |
---------------+-------------------------+-----
Polearms       | 5 6 7 8 9 10 | 10.4
Stealth        | 1 2 3 5 |  5.0
Throwing       | 3 4 5 |  5.0
Fighting       | |  2.1
Dodging        | |  4.0

Action                   |  1- 3 |  4- 6 |  7- 9 || total
-------------------------+-------+-------+-------++-------
Melee: Trident           |    94 |   241 |   135 ||   470
       Punch             |     1 |     3 |     2 ||     6
       Tailslap          |       |     1 |       ||     1
Throw: Stone             |     4 |       |     6 ||    10
       Throwing net      |       |     2 |     1 ||     3
Invok: Heroism           |       |       |     1 ||     1
  Use: Scroll            |       |       |     1 ||     1
 Stab: Sleeping          |     4 |    11 |     1 ||    16
       Distracted        |     1 |     1 |       ||     2
       Held in net/web   |       |     1 |     3 ||     4
Armor: Leather armour    |    16 |    20 |       ||    36
       Robe              |       |    18 |    39 ||    57
Dodge: Dodged            |    65 |   123 |    50 ||   238
